 Dungeon Crawl Stone Soup version 0.28.0 (webtiles) character file.

Game seed: 2009287642819648335

107 crazypyro the Chucker (level 4, -1/46 HPs)
             Began as an Ogre Hunter on Feb 4, 2022.
             Slain by a kobold (5 damage)
             ... on level 3 of the Dungeon.
             The game lasted 00:03:17 (3123 turns).

crazypyro the Chucker (Ogre Hunter)                 Turns: 3123, Time: 00:03:17

Health: -1/46      AC:  3    Str: 18    XL:     4   Next: 86%
Magic:  4/4        EV: 10    Int: 12    God:
Gold:   103        SH:  0    Dex:  9    Spells: 3/3 levels left

rFire   . . .      SeeInvis .   i - +0 club
rCold   . . .      Faith    .   (no shield)
rNeg    . . .      Spirit   .   b - +0 robe
rPois   .          Reflect  .   (helmet restricted)
rElec   .          Harm     .   (no cloak)
rCorr   .          Rampage  .   (gloves unavailable)
Will    .....                   (boots unavailable)
Stlth   +.........              (no amulet)
HPRegen 0.15/turn               (no ring)
MPRegen 0.09/turn               (no ring)

@: no status effects
A: large, unfitting armour, tough skin 1
a: no special abilities


You were on level 3 of the Dungeon.
You visited 1 branch of the dungeon, and saw 3 of its levels.

You collected 103 gold pieces.

Inventory:

Hand Weapons
 a - a +0 short sword
 i - a +0 club (weapon)
Missiles
 c - 3 large rocks (quivered)
 d - a throwing net
Armour
 b - a +0 robe (worn)
Scrolls
 f - a scroll of enchant weapon {unknown}
Potions
 e - a potion of might {unknown}
 g - a potion of resistance {unknown}
 h - 2 potions of flight {unknown}


   Skills:
 - Level 3.6 Fighting
 * Level 3.0 Maces & Flails
 - Level 4.0 Throwing
 - Level 2.4 Dodging
 - Level 0.6 Stealth


You had 3 spell levels left.
You didn't know any spells.
Your spell library was empty.

Dungeon Overview and Level Annotations

Branches:
Dungeon (3/15)

Altars:
Wu Jian

Shops:
D:1 *


Innate Abilities, Weirdness & Mutations

You are too large for most types of armour.
You have tough skin. (AC +1)


Message History

The hound bites you. The hound barely misses you.
You hit the hound but do no damage.
The hound is lightly wounded.
The hound bites you but does no damage. The hound bites you.
* * * LOW HITPOINT WARNING * * *
You barely miss the hound.
The hound is lightly wounded.
The hound bites you but does no damage.
You barely miss the hound.
The hound is lightly wounded.
The hound barely misses you. The hound bites you.
* * * LOW HITPOINT WARNING * * *
You hit the hound.
The hound is heavily wounded.
The hound barely misses you. x2
You closely miss the hound.
The hound is heavily wounded.
The hound bites you but does no damage.
You hit the hound.
The hound is heavily wounded.
The hound bites you.
* * * LOW HITPOINT WARNING * * *
The hound bites you.
* * * LOW HITPOINT WARNING * * *
You hit the hound.
The hound is almost dead.
The hound bites you but does no damage. The hound misses you.
Unknown command.
You closely miss the hound.
The hound is almost dead.
The hound barely misses you. The hound bites you but does no damage.
You hit the hound.
You kill the hound!
Your Maces & Flails skill increases to level 3!
You barely miss the kobold.
The kobold hits you with a +0 short sword.
* * * LOW HITPOINT WARNING * * *
You closely miss the kobold.
The kobold hits you with a +0 short sword.
You die...

#)#.# #..#.# #. #.# #
#..#.# #. #w# #>.#.# #.
#.# #..#.# #. #.# #..#.#
#####. #.#.####..#.#
#.....
#.#.......#.#######.####
#.######............#
#.....K@....#########
#############


You could see a kobold.

Vanquished Creatures
  A hound (D:3)
  2 adders (D:2)
  A worm (D:2)
  An orc (D:3)
  4 ball pythons
  4 bats
  7 endoplasms
  5 goblins
  5 hobgoblins
  6 kobolds
  3 quokkas
  4 frilled lizards
  9 rats
52 creatures vanquished.

Vanquished Creatures (others)
  9 plants (D:2)
9 creatures vanquished.

Grand Total: 61 creatures vanquished

Notes
Turn   | Place    | Note
-------+----------+-------------------------------------------
     0 | D:1      | crazypyro the Ogre Hunter began the quest for the Orb.
     0 | D:1      | Reached XP level 1. HP: 22/22 MP: 1/1
   225 | D:1      | Reached XP level 2. HP: 31/31 MP: 2/2
   235 | D:1      | Reached skill level 1 in Maces & Flails
   506 | D:1      | Found Ecwoj's Assorted Antiques.
   544 | D:1      | Found a faded altar of an unknown god.
  1505 | D:2      | Reached XP level 3. HP: 25/37 MP: 3/3
  1542 | D:2      | HP: 1/37 [adder (1)]
  2320 | D:2      | Reached XP level 4. HP: 45/45 MP: 4/4
  3019 | D:3      | Found an ornate altar of the Wu Jian Council.
  3123 | D:3      | Slain by a kobold

Illustrated notes

Levels and vault maps discovered:
D:1:      saegor_arrival_simple_a, layout_loops_corners, serial_shops,
          nicolae_shop_overgrown_old_shop, dilly_ecumenical_altar_fadedgnrine,
          nrook_mini_backslash
D:2:      layout_basic, chequers_arboretum, lexackson_kobold_supper
D:3:      layout_basic, mainiacjoe_overflow_catwalk

Skill      XL: |  1  2  3  4 |
---------------+-------------+-----
Fighting       | 3 |  3.6
Dodging        | 2 |  2.4
Maces & Flails | 1 2 3 |  3.0
Throwing       | |  4.0
Stealth        | |  0.6

Action                   |  1- 3 |  4- 6 || total
-------------------------+-------+-------++-------
Melee: Short sword       |   110 |    22 ||   132
       Club              |       |    55 ||    55
       Punch             |       |     1 ||     1
Throw: Large rock        |    33 |     7 ||    40
       Throwing net      |       |     1 ||     1
 Stab: Sleeping          |     1 |       ||     1
Armor: Robe              |    46 |    27 ||    73
Dodge: Dodged            |    76 |    46 ||   122
